 Dungeon Crawl Stone Soup version 0.31-a0-978-g1e143483b6 (webtiles) character file.

Game seed: 18182926842036895181

2538 Arzdou the Cleaver (level 9, -2/55 (74) HPs)
             Began as a Gnoll Cinder Acolyte on Oct 30, 2023.
             Was a High Priest of Ignis.
             Slain by Jeremiah
             ... wielding a +2 trident of draining
              (4 damage)
             ... on level 6 of the Dungeon.
             The game lasted 00:11:30 (7707 turns).

Arzdou the Cleaver (Gnoll Cinder Acolyte)           Turns: 7707, Time: 00:11:31

HP:   -2/55 (74)    AC:  7    Str: 17    XL:     9   Next: 55%
MP:   10/17         EV: 12    Int: 13    God:    Ignis [*****.]
Gold: 449           SH:  0    Dex:  9    Spells: 16/18 levels left

rFire   + . .        a - +0 hand axe (flame)
rCold   . . .        (no shield)
rNeg    . . .        b - +0 robe
rPois   .            p - +0 helmet
rElec   .            t - +0 cloak
rCorr   .            i - +1 pair of gloves
SInv    .            (no boots)
Will    .....        j - amulet of regeneration
Stlth   ++           (no ring)
HPRegen 1.09/turn    (no ring)
MPRegen 0.15/turn

%: no passive effects
@: about to teleport, very heavily drained
A: fangs 1, strong nose, distributed training
a: Renounce Religion, Fiery Armour, Foxfire Swarm, Rising Flame


You were on level 6 of the Dungeon.
You worshipped Ignis.
Ignis was extremely pleased with you.
You visited 2 branches of the dungeon, and saw 9 of its levels.

You collected 531 gold pieces.
You spent 82 gold pieces at shops.

Inventory:

Hand Weapons
 a - a +0 hand axe of flaming (weapon)
Missiles
 u - 6 curare-tipped darts
Armour
 b - a +0 robe (worn)
 i - a +1 pair of gloves (worn)
 p - a +0 helmet (worn)
 t - a +0 cloak (worn)
Jewellery
 h - a ring of ice
 j - an amulet of regeneration (around neck)
Wands
 v - a wand of paralysis (3)
Scrolls
 f - a scroll of poison
 n - 2 scrolls of vulnerability
 q - a scroll of teleportation
 r - 2 scrolls of amnesia
 s - a scroll of enchant armour
Potions
 c - 2 potions of invisibility {unknown}
 d - 5 potions of haste
 e - a potion of degeneration {unknown}
 g - a potion of mutation {unknown}
 k - 2 potions of enlightenment {unknown}
 l - 3 potions of curing
 m - a potion of might {unknown}
 o - a potion of resistance {unknown}
 w - a potion of heal wounds {unknown}
 x - 2 potions of ambrosia {unknown}
 z - 2 potions of lignification {unknown}


   Skills:
 + Level 8.0 Fighting
 + Level 4.4 Short Blades
 + Level 4.4 Long Blades
 + Level 8.0 Axes
 + Level 4.4 Maces & Flails
 + Level 4.4 Polearms
 + Level 4.4 Staves
 + Level 4.4 Ranged Weapons
 + Level 4.4 Throwing
 + Level 4.4 Armour
 + Level 4.4 Dodging
 + Level 4.4 Stealth
 + Level 4.4 Shields
 + Level 4.4 Unarmed Combat
 + Level 5.3 Spellcasting
 + Level 3.6 Conjurations
 + Level 3.6 Hexes
 + Level 3.6 Summonings
 + Level 3.6 Necromancy
 + Level 3.6 Translocations
 + Level 3.6 Transmutations
 + Level 6.6 Fire Magic
 + Level 3.6 Ice Magic
 + Level 3.6 Air Magic
 + Level 3.6 Earth Magic
 + Level 3.6 Poison Magic
 + Level 4.9 Invocations
 + Level 4.4 Evocations
 + Level 4.0 Shapeshifting


You had 16 spell levels left.
You knew the following spells:

 Your Spells              Type           Power      Damage    Failure   Level
a - Scorch                Fire           40%        2d6       1%          2

Your spell library contained the following spells:

 Spells                   Type           Power      Damage    Failure   Level
 Ensorcelled Hibernation  Hex/Ice        26%        N/A       6%          2
 Passwall                 Tmut/Erth      10%        N/A       6%          2
 Swiftness                Air            13%        N/A       12%         3


Dungeon Overview and Level Annotations

Branches:
Dungeon (8/15)             Temple (1/1) D:7
   Lair: D:8-11

Altars:
Cheibriados
Elyvilon
Hepliaklqana
Makhleb
Okawaru
Qazlal
Ru
Sif Muna
Trog
Vehumet
Wu Jian
Zin
The Shining One

Shops:
D:1 ?   D:7 :

Annotations:
D:6 Jeremiah


Innate Abilities, Weirdness & Mutations

You have very sharp teeth.
Your uncanny sense of smell can sniff out nearby items.
Your experience applies equally to all skills.


Message History

You are too injured to fight recklessly!
Casting: Scorch (safe; 1% risk of failure)
Confirm with . or Enter, or press ? or * to list all spells.
Flames lash the butterfly.
You kill the butterfly!
The butterfly disappears in a burst of colours!
Jeremiah hits you from afar with a +2 trident of draining.
* * * LOW HITPOINT WARNING * * *
You feel drained.
* * * LOW HITPOINT WARNING * * *
As you read the scroll of teleportation, it crumbles to dust.
You feel strangely unstable.
The butterfly is engulfed in poison gas.
The butterfly is poisoned.
You kill the butterfly!
The butterfly disappears in a burst of colours!
The butterfly is poisoned.
The butterfly is engulfed in poison gas.
The butterfly is poisoned.
You kill the butterfly!
The butterfly disappears in a burst of colours!
Jeremiah says, "I don't want to hurt you.
Just - go!
Run!"
Jeremiah hits you from afar with a +2 trident of draining.
* * * LOW HITPOINT WARNING * * *
You feel drained.
You kill the butterfly!
The butterfly disappears in a burst of colours!
The butterfly is engulfed in poison gas.
The butterfly is poisoned.
You kill the butterfly!
The butterfly disappears in a burst of colours!
The butterfly is engulfed in poison gas.
The butterfly is poisoned.
You kill the butterfly!
The butterfly disappears in a burst of colours!
Jeremiah hits you from afar with a +2 trident of draining!
* * * LOW HITPOINT WARNING * * *
You feel drained.
You die...
Jeremiah wails, "I didn't mean to kill anyone!
I'm not a murderer!"

.....F... .....#
........###.....#
.☼.$......#....# .
.§§............# ..
.§§§...#...#.... ...
.§§.§..#..§# . .....
.§§§§§.###§# ......
.§§§☼☼§#☼§§#####......
.☼§§§§☼§@###........#
..#§§.bb§§☼§§§§..#.##
..##§§F###§§§§☼.## ###.
#..§§§..#....... $. §.
#....§.......... ..§§.
#............... .§§.#
#...............
§☼§.####...............
#......#................


You could see Jeremiah.

Vanquished Creatures
  Prince Ribbit (D:5)
  An acid dragon (D:7)
  3 water moccasins
  An orc warrior (D:4)
  2 sky beasts (D:7)
  2 black bears
  2 centaurs (D:7)
  3 ogres
  A phantom (D:6)
  A bullfrog (D:7)
  6 wights
  2 howler monkeys (D:7)
  A hound (D:7)
  A gnoll bouda (D:4)
  2 orc priests (D:4)
  A jelly (D:5)
  A sleepcap (D:5)
  2 iguanas
  3 orc wizards
  4 gnolls
  5 adders
  4 shadow imps
  A white imp (D:6)
  4 worms
  3 dart slugs (D:1)
  22 orcs
  3 bats
  7 endoplasms
  3 giant cockroaches
  A goblin (D:4)
  6 hobgoblins
  6 jackals
  5 ball pythons
  2 frilled lizards
  4 kobolds
  4 rats
120 creatures vanquished.

Vanquished Creatures (others)
  21 foxfires (D:7)
21 creatures vanquished.

Grand Total: 141 creatures vanquished

Notes
Turn   | Place    | Note
-------+----------+-------------------------------------------
     0 | D:1      | Arzdou the Gnoll Cinder Acolyte began the quest for the
                  | Orb.
     0 | D:1      | Reached XP level 1. HP: 23/23 MP: 4/4
   189 | D:1      | Reached XP level 2. HP: 24/29 MP: 5/5
   283 | D:1      | Learned a level 2 spell: Scorch
   535 | D:1      | Reached XP level 3. HP: 33/35 MP: 1/7
   640 | D:1      | Found Naqoun's Magic Scroll Shoppe.
  1128 | D:2      | Reached skill level 1 in Invocations
  1770 | D:1      | Bought a scroll of blinking for 82 gold pieces
  1853 | D:3      | Reached skill level 1 in Short Blades
  1853 | D:3      | Reached skill level 1 in Long Blades
  1853 | D:3      | Reached skill level 1 in Maces & Flails
  1853 | D:3      | Reached skill level 1 in Polearms
  1853 | D:3      | Reached skill level 1 in Staves
  1853 | D:3      | Reached skill level 1 in Ranged Weapons
  1853 | D:3      | Reached skill level 1 in Throwing
  1853 | D:3      | Reached skill level 1 in Armour
  1853 | D:3      | Reached skill level 1 in Dodging
  1853 | D:3      | Reached skill level 1 in Stealth
  1853 | D:3      | Reached skill level 1 in Shields
  1853 | D:3      | Reached skill level 1 in Unarmed Combat
  1853 | D:3      | Reached skill level 1 in Evocations
  2118 | D:3      | Reached XP level 4. HP: 34/41 MP: 2/8
  2123 | D:3      | Reached skill level 1 in Shapeshifting
  2406 | D:3      | Reached skill level 1 in Conjurations
  2406 | D:3      | Reached skill level 1 in Hexes
  2406 | D:3      | Reached skill level 1 in Summonings
  2406 | D:3      | Reached skill level 1 in Necromancy
  2406 | D:3      | Reached skill level 1 in Translocations
  2406 | D:3      | Reached skill level 1 in Transmutations
  2406 | D:3      | Reached skill level 1 in Ice Magic
  2406 | D:3      | Reached skill level 1 in Air Magic
  2406 | D:3      | Reached skill level 1 in Earth Magic
  2406 | D:3      | Reached skill level 1 in Poison Magic
  3038 | D:4      | Found a stormy altar of Qazlal.
  3377 | D:4      | Noticed an orc warrior
  3507 | D:4      | Reached XP level 5. HP: 47/47 MP: 6/9
  3730 | D:4      | Killed an orc warrior
  3880 | D:4      | Found a sacrificial altar of Ru.
  3888 | D:4      | Reached XP level 6. HP: 39/53 MP: 5/11
  4459 | D:5      | Entered Level 5 of the Dungeon
  4464 | D:5      | Found a radiant altar of Vehumet.
  4648 | D:5      | Noticed a water moccasin
  4775 | D:5      | Noticed a water moccasin
  4824 | D:5      | Noticed Prince Ribbit
  4833 | D:5      | Killed Prince Ribbit
  4834 | D:5      | Reached XP level 7. HP: 60/60 MP: 5/12
  5229 | D:5      | Reached XP level 8. HP: 67/67 MP: 7/14
  5348 | D:5      | Found a white marble altar of Elyvilon.
  5374 | D:5      | Found a hazy altar of Hepliaklqana.
  5755 | D:6      | Noticed Jeremiah
  6140 | D:7      | Found a staircase to the Ecumenical Temple.
  6265 | D:7      | Found Syorea's Book Shop.
  6265 | D:7      | Noticed a walking crystal tome
  6266 | D:7      | Noticed a walking divine tome
  6441 | D:7      | Reached XP level 9. HP: 54/73 MP: 16/16
  6495 | D:7      | Reached skill level 5 in Spellcasting
  7093 | Temple   | Entered the Ecumenical Temple
  7505 | D:6      | Found a glowing silver altar of Zin.
  7707 | D:6      | HP: 2/57 [Jeremiah/+2 trident of draining (9)]
  7707 | D:6      | Slain by Jeremiah

Illustrated notes

Levels and vault maps discovered:
D:1:      lemuel_arrival_muddy, layout_basic, serial_shops,
          nicolae_shop_rolled_up, due_unseen_surprise
D:2:      layout_loops_cross
D:3:      layout_basic
D:4:      layout_layer_cave, nicolae_overflow_crystal_walls,
          grunt_qazlal_sundering
D:5:      layout_rooms, amcnicky_altar_gilded, nicolae_elyvilon_temple_path,
          lemuel_round_altar, cheibrodos_sewer_entry_bend,
          nicolae_twisty_statue_hallways, uniq_prince_ribbit1
D:6:      kennysheep_big_flooded_room, layout_cave_pools, zin_statuary,
          general_overflow_altar, gammafunk_ghost_split, uniq_jeremiah
D:7:      nicolae_whirlpool, layout_rooms, temple_doors_e, serial_shops,
          nicolae_shop_mannequins, lightli_ossuary_entry_decrepit_ruins,
          dk_vineyard_2
D:8:      layout_basic, grunt_gozag_statues, nicolae_uskayaw_en_pointe,
          kennysheep_another_room, roadster_trireme
Temple:   nicolae_temple_great_sept

Skill      XL: |  1  2  3  4  5  6  7  8  9 |
---------------+----------------------------+-----
Invocations    | 1 2 3 4 |  4.9
Short Blades   | 1 2 3 4 |  4.4
Long Blades    | 1 2 3 4 |  4.4
Maces & Flails | 1 2 3 4 |  4.4
Polearms       | 1 2 3 4 |  4.4
Staves         | 1 2 3 4 |  4.4
Ranged Weapons | 1 2 3 4 |  4.4
Throwing       | 1 2 3 4 |  4.4
Armour         | 1 2 3 4 |  4.4
Dodging        | 1 2 3 4 |  4.4
Stealth        | 1 2 3 4 |  4.4
Shields        | 1 2 3 4 |  4.4
Unarmed Combat | 1 2 3 4 |  4.4
Evocations     | 1 2 3 4 |  4.4
Shapeshifting  | 1 2 3 4 |  4.0
Spellcasting   | 3 4 5 |  5.3
Conjurations   | 1 2 3 |  3.6
Hexes          | 1 2 3 |  3.6
Summonings     | 1 2 3 |  3.6
Necromancy     | 1 2 3 |  3.6
Translocations | 1 2 3 |  3.6
Transmutations | 1 2 3 |  3.6
Ice Magic      | 1 2 3 |  3.6
Air Magic      | 1 2 3 |  3.6
Earth Magic    | 1 2 3 |  3.6
Poison Magic   | 1 2 3 |  3.6
Fighting       | 7 8 |  8.0
Axes           | 7 8 |  8.0
Fire Magic     | 6 |  6.6

Action                     |  1- 3 |  4- 6 |  7- 9 || total
---------------------------+-------+-------+-------++-------
  Melee: Hand axe          |    68 |    52 |   110 ||   230
         Bite              |    10 |     2 |    19 ||    31
         Punch             |       |       |     2 ||     2
  Throw: Dart              |       |     3 |     1 ||     4
   Cast: Scorch            |    31 |    39 |   109 ||   179
 Invoke: Foxfire Swarm     |       |       |     1 ||     1
         Fiery Armour      |       |       |     1 ||     1
    Use: Scroll            |     4 |     1 |     6 ||    11
   Stab: Sleeping          |     1 |     2 |       ||     3
 Armour: Robe              |    35 |    37 |   144 ||   216
  Dodge: Dodged            |    33 |    32 |   137 ||   202

Table legend: (Time is in decaauts)
 A = Elapsed time spent in this place.
 B = Non-inter-level travel time spent in this place.
 C = Inter-level travel time spent in this place.
 D = Time resting spent in this place.
 E = Time spent auto-exploring this place.
 F = Levels seen in this place.
 G = Mean time per level.
                   A        B        C        D        E       F      G
               +--------+--------+--------+--------+--------+-----+--------+
         Total |   7746 |   7333 |    413 |    370 |   5834 |   9 |  860.7 |
       Dungeon |   7744 |   7331 |    413 |    370 |   5834 |   8 |  968.0 |
        Temple |      1 |      1 |      0 |      0 |      0 |   1 |    1.0 |
               +--------+--------+--------+--------+--------+-----+--------+

Top non-repeatable levels by time:
     D:4: 1732 daAuts
     D:7: 1420 daAuts
     D:3: 1185 daAuts
     D:5: 985 daAuts
     D:1: 944 daAuts
     D:2: 904 daAuts
     D:6: 552 daAuts
     D:8: 19 daAuts
  Temple: 1 daAuts
